 Dungeon Crawl Stone Soup version 0.20-a0-871-g785f14b (webtiles) character file.

6798 wirefist the Basher (level 11, -8/83 HPs)
             Began as a Human Berserker on Mar 15, 2017.
             Was a High Priest of Trog.
             Mangled by Snorg (21 damage)
             ... on level 10 of the Dungeon.
             The game lasted 00:35:35 (9270 turns).

wirefist the Basher (Human Berserker)               Turns: 9270, Time: 00:35:36

Health: -8/83      AC: 15    Str: 18    XL:     11   Next: 25%
Magic:  11/11      EV: 16    Int:  7    God:    Trog [*****.]
Gold:   329        SH:  5    Dex: 21    Spells: 10/10 levels left

rFire    . . .     SeeInvis .   D - +0 mace (protect)
rCold    . . .     Gourm    .   h - quicksilver dragon scales
rNeg     . . .     Faith    .   M - +0 buckler
rPois    .         Spirit   .   O - +0 helmet
rElec    .         Reflect  .   B - +0 cloak
rCorr    .         Harm     .   i - +0 pair of gloves
MR       ++...                  (no boots)
Stlth    ++........             (no amulet)
Regen    0.3/turn               (no ring)
MPRegen  0.2/turn               v - ring of protection from magic

@: agile
A: no striking features
a: Berserk, Trog's Hand, Brothers in Arms, Burn Spellbooks, Renounce Religion


You were on level 10 of the Dungeon.
You worshipped Trog.
Trog was extremely pleased with you.
You were near starving.

You visited 2 branches of the dungeon, and saw 11 of its levels.

You collected 329 gold pieces.

Inventory:

Hand Weapons
 y - a +0 rapier of speed
 D - a +0 mace of protection (weapon)
 E - a +4 quarterstaff of chaos
 F - a +0 mace
 K - a +2 war axe of freezing
Armour
 b - a +0 animal skin
 e - a +0 shield
 h - quicksilver dragon scales (worn)
 i - a +0 pair of gloves (worn)
 B - a +0 cloak (worn)
 M - a +0 buckler (worn)
 O - a +0 helmet (worn)
Jewellery
 v - a ring of protection from magic (left hand)
Wands
 n - a wand of random effects (27/48)
 x - a wand of clouds (4/9)
 J - a wand of enslavement (15/24)
 N - a wand of paralysis (13/24)
Scrolls
 f - 7 scrolls of teleportation {unknown}
 p - 2 scrolls of magic mapping {unknown}
 q - 6 scrolls of identify
 r - 4 scrolls of remove curse
 t - a scroll of noise {unknown}
 u - a scroll of enchant armour {unknown}
 I - a scroll of recharging {unknown}
 P - a scroll of fear {unknown}
 R - a scroll of amnesia {unknown}
Potions
 a - a potion of haste {unknown}
 d - 2 potions of curing
 g - a potion of heal wounds {unknown}
 j - a potion of lignification {unknown}
 k - 2 potions of agility
 o - 2 potions of resistance {unknown}
 w - a potion of brilliance {unknown}
 z - a potion of ambrosia {unknown}
 G - 2 potions of might {unknown}
 H - 2 potions of mutation {unknown}
 L - a potion of invisibility {unknown}
Books
 s - a book of Maledictions

   Spells                             Type                      Level
   a - Corona                         Hexes                        1
   b - Ensorcelled Hibernation        Hexes/Ice                    2
   c - Confuse                        Hexes                        3
   d - Tukima's Dance                 Hexes                        3
   e - Dazzling Spray                 Conjuration/Hexes            3
   Trog disapproves of the use of such an item.
 A - a book of Callings

   Spells                             Type                      Level
   a - Summon Small Mammal            Summoning                    1
   b - Call Imp                       Summoning                    2
   c - Call Canine Familiar           Summoning                    3
   d - Summon Guardian Golem          Hexes/Summoning              3
   e - Summon Lightning Spire         Summoning/Air                4
   f - Summon Ice Beast               Ice/Summoning                4
   Trog disapproves of the use of such an item.
 C - a book of Changes

   Spells                             Type                      Level
   a - Beastly Appendage              Transmutation                1
   b - Sticks to Snakes               Transmutation                2
   c - Spider Form                    Transmutation/Poison         3
   d - Ice Form                       Ice/Transmutation            4
   e - Blade Hands                    Transmutation                5
   Trog disapproves of the use of such an item.
Comestibles
 c - 4 bread rations
 l - 4 meat rations
 m - 5 royal jellies
 Q - 10 chunks of flesh


   Skills:
 + Level 6.7 Fighting
 * Level 13.7 Maces & Flails
 + Level 6.7 Armour
 - Level 2.0 Dodging
 - Level 1.5 Shields


You had 10 spell levels left.
You didn't know any spells.

Dungeon Overview and Level Annotations

Branches:
Dungeon (10/15)            Temple (1/1) D:5
   Lair: D:8-11         Orc: D:9-12

Altars:
Ashenzari
Dithmenos
Kikubaaqudgha
Makhleb
Nemelex Xobeh
Qazlal
Sif Muna
Zin
The Shining One

Shops:
D:7 *   D:8 [

Annotations:
D:10 Snorg


Message History

You eat one of the 11 chunks of flesh.
This raw flesh tastes terrible.
You are near starving!
The hungry ghost barely misses you.
The scorpion stings you but does no damage.
Snorg the Insatiable comes into view.
Snorg shouts!
The hungry ghost misses you. The scorpion misses you.
You block the hungry ghost's attack.
The scorpion stings you but does no damage.
The crocodile bites you but does no damage.
The scorpion closely misses you.
Snorg goes berserk!
The crocodile closely misses you. The scorpion misses you.
The crocodile misses you. Snorg closely misses you. Snorg claws you. x2
* * * LOW HITPOINT WARNING * * *
Snorg bites you but does no damage. Snorg claws you!
* * * LOW HITPOINT WARNING * * *
Snorg completely misses you. Snorg bites you!!
You die...

#..)# ... #####.).# ....
........##....# ...........#
### ........#### #.# ######..#
#.##########
........############...........
..................W............
...##########.@Tt.s.......#####
.. #...#######...# . #...#
#...# ....... ..$....
.......... ..........
.................######
.................#
...$.............. ######...


You could see Snorg (berserk), a hungry ghost, a crocodile and a scorpion.

Vanquished Creatures
  Erica (D:9)
  A two-headed ogre (D:8)
  The ghost of SmilinJack the Conjurer, a novice DgFE (D:5)
  A hornet (D:8)
  Sigmund (D:3)
  A wyvern (D:8)
  Eustachio (D:5)
  4 yaks (D:9)
  A water moccasin (D:7)
  Duvessa (D:5)
  2 porcupines (D:9)
  2 orc warriors
  3 ice beasts
  2 black bears
  A centaur (D:6)
  4 ogres
  2 phantoms
  3 crocodiles
  6 bullfrogs
  Dowan (D:5)
  2 scorpions (D:9)
  4 killer bees (D:8)
  A howler monkey (D:4)
  2 crimson imps
  5 hounds
  6 orc priests
  Crazy Yiuf (D:5)
  A bullfrog skeleton (D:8)
  A gnoll shaman (D:7)
  2 jellies (D:8)
  Ijyb (D:2)
  8 worker ants
  2 iguanas (D:7)
  9 orc wizards
  2 hound zombies
  Robin (D:2)
  5 gnolls (D:7)
  A howler monkey zombie (D:6)
  4 adders
  5 shadow imps
  An ooze (D:4)
  An adder zombie (D:9)
  A dart slug (D:1)
  3 leopard geckos
  44 orcs
  5 giant cockroaches
  25 goblins
  8 hobgoblins
  11 jackals
  2 quokkas (D:4)
  A ball python (D:7)
  6 bats
  4 frilled lizards
  9 kobolds
  4 rats (D:1)
227 creatures vanquished.

Vanquished Creatures (others)
  A rat (D:1)
  2 plants (D:9)
3 creatures vanquished.

Grand Total: 230 creatures vanquished

Notes
Turn   | Place    | Note
-------+----------+-------------------------------------------
     0 | D:1      | wirefist the Human Berserker began the quest for the Orb.
     0 | D:1      | Reached XP level 1. HP: 18/18 MP: 1/1
    64 | D:1      | Reached XP level 2. HP: 3/24 MP: 2/2
   681 | D:1      | Reached XP level 3. HP: 27/29 MP: 3/3
   807 | D:1      | Reached ** piety under Trog
  1107 | D:2      | Noticed Robin
  1131 | D:1      | Reached skill level 4 in Maces & Flails
  1131 | D:1      | Reached XP level 4. HP: 32/35 MP: 4/4
  1140 | D:2      | Noticed Ijyb
  1231 | D:2      | Killed Robin
  1298 | D:2      | Killed Ijyb
  1298 | D:2      | Reached XP level 5. HP: 41/41 MP: 5/5
  1527 | D:2      | Found a shadowy altar of Dithmenos.
  1527 | D:2      | Found an ancient bone altar of Kikubaaqudgha.
  1746 | D:3      | Reached skill level 5 in Maces & Flails
  1884 | D:3      | Noticed Sigmund
  1894 | D:3      | Killed Sigmund
  1894 | D:3      | Reached skill level 6 in Maces & Flails
  1894 | D:3      | Reached XP level 6. HP: 48/48 MP: 6/6
  1905 | D:3      | Reached *** piety under Trog
  1921 | D:3      | Reached XP level 7. HP: 19/53 MP: 7/7
  2816 | D:4      | Reached skill level 1 in Shields
  3007 | D:4      | Found a shattered altar of Ashenzari.
  3045 | D:4      | Reached skill level 7 in Maces & Flails
  3561 | D:5      | Entered Level 5 of the Dungeon
  3561 | D:5      | Found a staircase to the Ecumenical Temple.
  3568 | D:5      | Noticed Eustachio
  3585 | D:5      | Killed Eustachio
  3585 | D:5      | Reached XP level 8. HP: 58/60 MP: 8/8
  3594 | D:5      | Noticed Duvessa
  3606 | Temple   | Entered the Ecumenical Temple
  3623 | D:5      | Killed Duvessa
  3659 | D:5      | Noticed Dowan
  3782 | D:5      | Noticed SmilinJack's ghost (novice DgFE)
  3795 | D:5      | Killed SmilinJack's ghost
  3795 | D:5      | Reached skill level 8 in Maces & Flails
  3848 | D:5      | Reached skill level 5 in Armour
  4394 | D:4      | Reached skill level 9 in Maces & Flails
  4394 | D:4      | Reached XP level 9. HP: 49/66 MP: 9/9
  4487 | D:5      | Killed Dowan
  4591 | D:5      | HP: 3/66 [ice beast (13)]
  4601 | D:5      | Found a glowing silver altar of Zin.
  5532 | D:5      | Found a runed door.
  5578 | D:5      | Noticed Crazy Yiuf
  5584 | D:5      | Killed Crazy Yiuf
  5703 | D:6      | Reached skill level 10 in Maces & Flails
  6181 | D:6      | Reached skill level 5 in Fighting
  6195 | D:6      | Reached **** piety under Trog
  6507 | D:7      | You fall through a shaft for 2 floors!
  6703 | D:8      | Found Uzxuabue's Armour Emporium.
  6718 | D:8      | Noticed a two-headed ogre
  6733 | D:8      | Killed a two-headed ogre
  6733 | D:8      | Reached skill level 11 in Maces & Flails
  6733 | D:8      | Reached XP level 10. HP: 74/74 MP: 10/10
  6753 | D:8      | Found a glowing golden altar of the Shining One.
  6754 | D:8      | Found a deep blue altar of Sif Muna.
  6757 | D:8      | Found a burning altar of Makhleb.
  6758 | D:8      | Found a stormy altar of Qazlal.
  7019 | D:7      | Found Kyolegug's Elemental Accessories.
  7370 | D:7      | Reached skill level 12 in Maces & Flails
  8819 | D:9      | Noticed Erica
  8850 | D:9      | Killed Erica
  8850 | D:9      | Reached ***** piety under Trog
  8850 | D:9      | Reached skill level 13 in Maces & Flails
  8859 | D:9      | Reached XP level 11. HP: 81/81 MP: 11/11
  9219 | D:10     | Entered Level 10 of the Dungeon
  9259 | D:10     | Noticed Snorg
  9270 | D:10     | Mangled by Snorg

Vault maps used:
D:1:      saegor_arrival_miasma
D:2:      gammafunk_temple_overflow_elements, uniq_iyjb, uniq_robin
D:3:      uniq_sigmund
D:4:      ashenzari_altar_1
D:5:      lemuel_crystal_altar, minmay_temple_entry_purple_smoke, serial_curves,
          eino_curves_02, eino_curves_03, first_bread, uniq_eustachio,
          uniq_crazy_yiuf_cottage, uniq_duvessa
D:7:      nicolae_elemental_shop
D:8:      grunt_temple_overflow_open, serial_shops, nicolae_shop_waterfront,
          enter_bailey_3
D:9:      nicolae_overflow_hidden_temple, kennysheep_mini,
          minmay_lair_entry_grove, david_orc_2, hangedman_little_slice_of_home,
          grunt_ministairs_2, uniq_erica
D:10:     serial_shops, shop, eino_curves_02, uniq_snorg, uniq_gastronok,
          uniq_grum, uniq_psyche
Temple:   dshaligram_water_room_temple

Skill      XL: |  1  2  3  4  5  6  7  8  9 10 |
---------------+-------------------------------+-----
Maces & Flails | 4 6 7 9 11 13 | 13.7
Armour         | 3 4 5 6 |  6.7
Shields        | 1 |  1.5
Fighting       | 4 5 6 |  6.7
Dodging        | |  2.0

Action                   |  1- 3 |  4- 6 |  7- 9 | 10-12 || total
-------------------------+-------+-------+-------+-------++-------
Melee: Mace              |   119 |   105 |   569 |   472 ||  1265
Invok: Berserk           |     1 |     4 |    10 |     3 ||    18
       Trog's Hand       |       |       |     5 |     1 ||     6
  Use: Scroll            |       |     4 |       |       ||     4
       Potion            |       |     1 |     1 |     2 ||     4
  Eat: Chunk             |     2 |     5 |    12 |    11 ||    30
       Meat ration       |       |       |     3 |       ||     3
Armor: Animal skin       |     4 |       |       |       ||     4
       Quicksilver drago |    75 |    44 |   304 |   221 ||   644
Dodge: Dodged            |   110 |    38 |   327 |   193 ||   668
Block: Shield            |       |    20 |    43 |       ||    63
       Buckler           |       |       |     1 |    72 ||    73
